Login

New York Rangers vs Tampa Bay Lightning

Created - April 25, 2024 at 21:42

Goals
1 2 3 OT1 T
New York Rangers 0 2 1 1 4
Tampa Bay Lightning 0 2 1 0 3
Shots
1 2 3 OT1 T
New York Rangers 15 15 9 11 50
Tampa Bay Lightning 11 18 10 10 49

GoalsPenalties
1st period
No Goal
Mackenzie Weegar (TB ) for Hooking (Minor) at 5:07
Connor Murphy (TB ) for Goalie Interference (Minor) at 13:23
Alex Wennberg (TB ) for Slashing (Minor) at 18:07
Martin Necas (NYR) for Tripping (Minor) at 18:14
2nd period
1. Tampa Bay Lightning , Bowen Byram 1 (Kirill Kaprizov 2, Sebastian Aho 5) at 7:44
2. New York Rangers , Martin Fehervary 1 (Troy Terry 1, Jonas Siegenthaler 1) at 12:47
3. Tampa Bay Lightning , Kirill Kaprizov 5 (Rasmus Andersson 2, Jesper Bratt 2) at 13:30 (PP)
4. New York Rangers , Troy Terry 1 (Quinn Hughes 1) at 15:43
Brett Howden (NYR) for Hooking (Minor) at 4:43
Max Comtois (NYR) for Holding (Minor) at 12:50
3rd period
5. New York Rangers , Andrei Svechnikov 1 (K'Andre Miller 1) at 8:09
6. Tampa Bay Lightning , Filip Chytil 2 (Zach Werenski 2, Alex Wennberg 1) at 12:18
Martin Fehervary (NYR) for Interference (Minor) at 5:07
Quinn Hughes (NYR) for Roughing (Minor) at 15:48
Overtime #1
7. New York Rangers , Kirill Marchenko 1 (Troy Terry 2, Nick Jensen 2) at 18:35 (PP)
Martin Necas (NYR) for Goalie Interference (Minor) at 6:04
David Krejci (TB ) for High sticking (Minor) at 14:05
Elias Lindholm (TB ) for Roughing (Minor) at 16:55
Goalie Stats
Michael Hutchinson (NYR), 46 saves from 49 shots - (0.939), W, 1-1-0, 78:36 minutes
Ilya Sorokin (TB ), 46 saves from 50 shots - (0.920), OTL, 1-0-1, 78:36 minutes
3 StarsOfficial
1 - Troy Terry (NYR)
2 - Michael Hutchinson (NYR)
3 - K'Andre Miller (NYR)
Referees : Unknown
Linesman : Unknown
Game Note
No Game Note
Finance
Level 1 -- Attendance: 6000 (100.00%) -- Ticket Income $600,000
Level 2 -- Attendance: 5000 (100.00%) -- Ticket Income $300,000
Level 3 -- Attendance: 2000 (100.00%) -- Ticket Income $70,000
Level 4 -- Attendance: 4000 (100.00%) -- Ticket Income $80,000
Luxury Box -- Attendance: 992 (99.20%) -- Ticket Income $198,400
Game was played at the Amalie Arena.
Total Attendance: 17992 (99.96%)
Total Ticket Income: $1,248,400
Total Income: $1,248,400



Team Name Goals Shots Shots Attemp Shots Blocked PIM HIT PP PK FO%
New York Rangers 450801112251 / 5 (20%)146%
Tampa Bay Lightning 34989710221 / 6 (17%)154%

New York Rangers
Player Name POS G A P +/- PIM HIT SHT SB MP PP MP PP SHT PK MP PK SHT FO% FOT
Andrei SvechnikovLW/RW101-1026027:414:1312:39140% 5
Auston MatthewsC/LW/RW0002045020:120:0001:28033% 3
Brett HowdenC/LW/RW0000213019:090:0004:16052% 33
Daniel SprongLW/RW0000004010:063:3120:00050% 2
Jack EichelC/LW/RW0002002123:304:0100:00048% 31
Jason RobertsonLW/RW000-1006031:284:1316:04025% 4
Jonas SiegenthalerD011-1011223:530:0004:2700% 0
K'Andre MillerD0112031431:210:0004:5100% 0
Kirill MarchenkoLW/RW1010002018:253:3110:0000% 1
Marco ScandellaD0000021016:130:0000:0000% 0
Martin FehervaryD101-1233123:030:0003:3800% 0
Martin NecasC/LW/RW0000415019:323:3011:09038% 8
Max ComtoisC/LW/RW000-1211025:234:1310:00044% 39
Morgan BarronC/LW/RW000000006:350:0000:0000% 0
Nick JensenD0110013021:093:4311:1300% 0
Quinn HughesD0112251333:474:0113:1700% 0
Ryan DonatoC/LW/RW000000108:250:0001:50050% 10
Troy TerryLW/RW1232015022:273:4320:000100% 1
Tampa Bay Lightning
Player Name POS G A P +/- PIM HIT SHT SB MP PP MP PP SHT PK MP PK SHT FO% FOT
Alex NewhookC/LW/RW000-101107:330:0000:0000% 0
Alex WennbergC0110203016:390:0002:00054% 24
Bowen ByramD1010016128:313:3121:4000% 0
Connor MurphyD000-2210118:420:0003:2800% 0
David KrejciC/RW0000222018:132:5110:16060% 5
Elias LindholmC/LW/RW0000221025:352:5103:42048% 31
Filip ChytilC/LW1010022019:094:2900:000100% 1
Gustav NyquistLW0000003020:570:2802:000100% 1
Jason DickinsonC/LW000-1002112:420:0005:09064% 22
Jesper BrattLW/RW0110028022:043:0110:00050% 2
John KlingbergD000-2031019:363:5900:2200% 0
Kirill KaprizovLW1120014026:014:1410:54050% 2
Mackenzie WeegarD0001251127:010:2803:0000% 0
Mathew BarzalC/RW0000002023:364:0100:00060% 5
Rasmus AnderssonD0110010332:174:4403:5600% 0
Sebastian AhoC/LW/RW0110019024:404:1400:00052% 42
Zach PariseLW/RW000-100009:000:0001:2700% 2
Zach WerenskiD0111004031:034:4423:0200% 0

New York Rangers

5 vs 5 Forward
Line #Left WingCenterRight WingPHYDFOFWanted %Time %Time Play
1Jason RobertsonMax ComtoisAndrei Svechnikov1223533%20:04
2Auston MatthewsJack EichelTroy Terry1223031%18:44
3Martin NecasBrett HowdenKirill Marchenko1222525%14:54
4Morgan BarronRyan DonatoDaniel Sprong1221011%6:35
5 vs 5 Defense
Line #DefenseDefensePHYDFOFWanted %Time %Time Play
1Quinn HughesK'Andre Miller1223537%22:01
2Martin FehervaryJonas Siegenthaler1223031%18:41
3Marco ScandellaNick Jensen1222527%16:13
4Quinn HughesK'Andre Miller122106%3:22
Power Play Forward
Line #Left WingCenterRight WingPHYDFOFWanted %Time %Time Play
1Jason RobertsonMax ComtoisAndrei Svechnikov1226055%4:13
2Daniel SprongMartin NecasKirill Marchenko1224045%3:31
Power Play Defense
Line #DefenseDefensePHYDFOFWanted %Time %Time Play
1Quinn HughesJack Eichel1226052%4:01
2Nick JensenTroy Terry1224048%3:43
Penalty Kill 4 Players Forward
Line #CenterWingPHYDFOFWanted %Time %Time Play
1Brett HowdenJason Robertson1226079%6:53
2Ryan DonatoAndrei Svechnikov1224021%1:50
Penalty Kill 4 Players Defense
Line #DefenseDefensePHYDFOFWanted %Time %Time Play
1Quinn HughesK'Andre Miller1226055%4:46
2Martin FehervaryJonas Siegenthaler1224045%3:57
Penalty Kill 3 Players
Line #WingPHYDFOFWanted %Time %Time PlayDefenseDefensePHYDFOFWanted %Time %Time Play
1Brett Howden122600%0:00 Quinn HughesK'Andre Miller122600%0:00
2Jason Robertson122400%0:00 Martin FehervaryJonas Siegenthaler122400%0:00
4 vs 4 Forward
Line #CenterWingPHYDFOFWanted %Time %Time Play
1Max ComtoisJason Robertson1226060%1:07
2Jack EichelAndrei Svechnikov1224040%0:45
4 vs 4 Defense
Line #DefensePHYDFOFWanted %Time %Time Play
1Quinn HughesK'Andre Miller1226060%60% - 1:07
2Martin FehervaryJonas Siegenthaler1224040%40% - 0:45
Last Minutes Offensive
Left WingCenterRight WingDefenseDefense
Jason RobertsonMax ComtoisAndrei SvechnikovQuinn HughesJack Eichel
Last Minutes Defensive
Left WingCenterRight WingDefenseDefense
Auston MatthewsMax ComtoisAndrei SvechnikovMartin FehervaryK'Andre Miller
Time
Total ForwardTotal DefenseLast Minutes OffensiveLast Minutes Defensive
78:36 78:36 0:000:00
Extra Forwards
Normal PowerPlayPenalty Kill
Jason Robertson, Jack Eichel, Brett HowdenJason Robertson, Kirill MarchenkoBrett Howden
Extra Defensemen
Normal PowerPlayPenalty Kill
Quinn Hughes, K'Andre Miller, Martin FehervaryQuinn Hughes, K'Andre MillerMartin Fehervary
Penalty Shots
Jason Robertson, Andrei Svechnikov, Jack Eichel, Troy Terry, K'Andre Miller
Goalie
Michael Hutchinson, Calvin Pickard
Scratches
Jon Merrill (Healthy), Darcy Kuemper (Suspend)

Tampa Bay Lightning

5 vs 5 Forward
Line #Left WingCenterRight WingPHYDFOFWanted %Time %Time Play
1Kirill KaprizovSebastian AhoMathew Barzal0233232%19:35
2Gustav NyquistElias LindholmJesper Bratt0233031%18:29
3Filip ChytilAlex WennbergDavid Krejci0322424%14:40
4Alex NewhookJason DickinsonZach Parise1311413%7:33
5 vs 5 Defense
Line #DefenseDefensePHYDFOFWanted %Time %Time Play
1Mackenzie WeegarZach Werenski0323737%22:26
2Bowen ByramRasmus Andersson0323737%22:29
3Connor MurphyJohn Klingberg0322625%15:15
4Zach WerenskiBowen Byram03200%0:07
Power Play Forward
Line #Left WingCenterRight WingPHYDFOFWanted %Time %Time Play
1Kirill KaprizovSebastian AhoJesper Bratt0056049%4:14
2Filip ChytilElias LindholmMathew Barzal0144051%4:29
Power Play Defense
Line #DefenseDefensePHYDFOFWanted %Time %Time Play
1Rasmus AnderssonZach Werenski0146054%4:44
2Bowen ByramJohn Klingberg0144046%3:59
Penalty Kill 4 Players Forward
Line #CenterWingPHYDFOFWanted %Time %Time Play
1Jason DickinsonElias Lindholm0506074%5:44
2Alex WennbergGustav Nyquist0504026%2:00
Penalty Kill 4 Players Defense
Line #DefenseDefensePHYDFOFWanted %Time %Time Play
1Mackenzie WeegarConnor Murphy0506061%4:42
2Zach WerenskiRasmus Andersson0504039%3:02
Penalty Kill 3 Players
Line #WingPHYDFOFWanted %Time %Time PlayDefenseDefensePHYDFOFWanted %Time %Time Play
1Jason Dickinson050600%0:00 Connor MurphyMackenzie Weegar050600%0:00
2Alex Wennberg050400%0:00 Bowen ByramRasmus Andersson050400%0:00
4 vs 4 Forward
Line #CenterWingPHYDFOFWanted %Time %Time Play
1Sebastian AhoKirill Kaprizov0236070%1:18
2Elias LindholmJesper Bratt0234030%0:34
4 vs 4 Defense
Line #DefensePHYDFOFWanted %Time %Time Play
1Rasmus AnderssonMackenzie Weegar0326061%60% - 1:08
2Zach WerenskiBowen Byram0324039%40% - 0:44
Last Minutes Offensive
Left WingCenterRight WingDefenseDefense
Kirill KaprizovSebastian AhoJesper BrattZach WerenskiRasmus Andersson
Last Minutes Defensive
Left WingCenterRight WingDefenseDefense
Jason DickinsonElias LindholmSebastian AhoRasmus AnderssonMackenzie Weegar
Time
Total ForwardTotal DefenseLast Minutes OffensiveLast Minutes Defensive
78:36 78:36 0:000:00
Extra Forwards
Normal PowerPlayPenalty Kill
David Krejci, Mathew Barzal, Filip ChytilDavid Krejci, Gustav NyquistZach Parise
Extra Defensemen
Normal PowerPlayPenalty Kill
Bowen Byram, Mackenzie Weegar, John KlingbergMackenzie Weegar, Bowen ByramConnor Murphy
Penalty Shots
Gustav Nyquist, Sebastian Aho, Kirill Kaprizov, Mathew Barzal, Jesper Bratt
Goalie
Ilya Sorokin, Cam Talbot
Scratches
TB Cap Hit (Suspend), Morgan Geekie (Healthy), Michael Stone (Healthy)


Play-by-Play

1st period


0:01 of 1st period - Max Comtois wins face-off versus Sebastian Aho in neutral zone.
0:04 of 1st period - Shot by Jason Robertson.
0:04 of 1st period - Stopped by Ilya Sorokin without a rebound.
0:05 of 1st period - Elias Lindholm wins face-off versus Jack Eichel in Tampa Bay Lightning zone.
0:05 of 1st period - Rasmus Andersson is hit by Auston Matthews and loses puck.
0:13 of 1st period - Bowen Byram is hit by Martin Fehervary and loses puck.
0:18 of 1st period - Shot by Jesper Bratt.
0:18 of 1st period - Shot Misses the Net.
0:26 of 1st period - Shot by Jesper Bratt.
0:26 of 1st period - Stopped by Michael Hutchinson without a rebound.
0:27 of 1st period - Brett Howden wins face-off versus Alex Wennberg in New York Rangers zone.
0:27 of 1st period - Brett Howden is hit by David Krejci.
0:37 of 1st period - Shot by Martin Necas.
0:37 of 1st period - Stopped by Ilya Sorokin without a rebound.
0:38 of 1st period - Max Comtois wins face-off versus Sebastian Aho in Tampa Bay Lightning zone.
0:49 of 1st period - Jason Robertson is hit by Sebastian Aho.
0:57 of 1st period - Shot by Kirill Kaprizov.
0:57 of 1st period - Shot Misses the Net.
1:08 of 1st period - Off-side.
1:09 of 1st period - Jason Dickinson wins face-off versus Ryan Donato in neutral zone.
1:15 of 1st period - Icing by Ryan Donato.
1:16 of 1st period - Alex Wennberg wins face-off versus Ryan Donato in New York Rangers zone.
1:50 of 1st period - Shot by Ryan Donato.
1:50 of 1st period - Stopped by Ilya Sorokin without a rebound.
1:51 of 1st period - Brett Howden wins face-off versus Elias Lindholm in Tampa Bay Lightning zone.
1:56 of 1st period - Shot by Martin Necas.
1:56 of 1st period - Shot Misses the Net.
2:01 of 1st period - Icing by Jesper Bratt.
2:02 of 1st period - Jack Eichel wins face-off versus Elias Lindholm in Tampa Bay Lightning zone.
2:22 of 1st period - Jesper Bratt is hit by Quinn Hughes.
2:24 of 1st period - Shot by John Klingberg.
2:24 of 1st period - Shot Blocked by K'Andre Miller.
2:30 of 1st period - Shot by Gustav Nyquist.
2:30 of 1st period - Stopped by Michael Hutchinson with a rebound.
2:39 of 1st period - Icing by Jack Eichel.
2:40 of 1st period - Jack Eichel wins face-off versus Jason Dickinson in New York Rangers zone.
3:09 of 1st period - Shot by Jason Dickinson.
3:09 of 1st period - Shot Misses the Net.
3:41 of 1st period - Shot by Jason Robertson.
3:41 of 1st period - Shot Blocked by Bowen Byram.
3:55 of 1st period - Shot by Sebastian Aho.
3:55 of 1st period - Stopped by Michael Hutchinson without a rebound.
3:56 of 1st period - Filip Chytil wins face-off versus Ryan Donato in New York Rangers zone.
4:03 of 1st period - Shot by David Krejci.
4:03 of 1st period - Shot Misses the Net.
4:11 of 1st period - Shot by Ryan Donato.
4:11 of 1st period - Shot Misses the Net.
4:13 of 1st period - Shot by Marco Scandella.
4:13 of 1st period - Stopped by Ilya Sorokin without a rebound.
4:14 of 1st period - Brett Howden wins face-off versus Elias Lindholm in Tampa Bay Lightning zone.
4:41 of 1st period - Shot by Martin Necas.
4:41 of 1st period - Stopped by Ilya Sorokin with a rebound.
5:00 of 1st period - Icing by K'Andre Miller.
5:01 of 1st period - Brett Howden wins face-off versus Sebastian Aho in New York Rangers zone.
5:07 of 1st period - Minor Penalty to Mackenzie Weegar for Hooking.
5:08 of 1st period - Andrei Svechnikov wins face-off versus Jason Dickinson in Tampa Bay Lightning zone.
5:17 of 1st period - Shot by Nick Jensen.
5:17 of 1st period - Shot Misses the Net.
5:19 of 1st period - Shot by Nick Jensen.
5:19 of 1st period - Shot Misses the Net.
5:21 of 1st period - Shot by Nick Jensen.
5:21 of 1st period - Shot Blocked by Jason Dickinson.
5:23 of 1st period - Shot by Max Comtois.
5:23 of 1st period - Stopped by Ilya Sorokin without a rebound.
5:24 of 1st period - Max Comtois wins face-off versus Jason Dickinson in Tampa Bay Lightning zone.
6:18 of 1st period - Shot by Nick Jensen.
6:18 of 1st period - Shot Blocked by Rasmus Andersson.
6:20 of 1st period - Shot by Nick Jensen.
6:20 of 1st period - Shot Misses the Net.
6:26 of 1st period - Shot by Martin Necas.
6:26 of 1st period - Stopped by Ilya Sorokin with a rebound.
6:28 of 1st period - Shot by Troy Terry.
6:28 of 1st period - Stopped by Ilya Sorokin without a rebound.
6:29 of 1st period - Martin Necas wins face-off versus Jason Dickinson in Tampa Bay Lightning zone.
6:51 of 1st period - Shot by Troy Terry.
6:51 of 1st period - Shot Misses the Net.
6:53 of 1st period - Shot by Nick Jensen.
6:53 of 1st period - Shot Blocked by Rasmus Andersson.
6:55 of 1st period - Shot by Nick Jensen.
6:55 of 1st period - Stopped by Ilya Sorokin without a rebound.
6:56 of 1st period - Jason Dickinson wins face-off versus Max Comtois in Tampa Bay Lightning zone.
7:21 of 1st period - Mackenzie Weegar is hit by Auston Matthews and loses puck.
7:34 of 1st period - Shot by Auston Matthews.
7:34 of 1st period - Stopped by Ilya Sorokin without a rebound.
7:35 of 1st period - Alex Wennberg wins face-off versus Max Comtois in Tampa Bay Lightning zone.
7:35 of 1st period - Alex Wennberg is hit by Andrei Svechnikov.
7:58 of 1st period - K'Andre Miller is hit by Filip Chytil and loses puck.
8:43 of 1st period - Off-side.
8:44 of 1st period - Elias Lindholm wins face-off versus Ryan Donato in neutral zone.
8:59 of 1st period - Shot by Ryan Donato.
8:59 of 1st period - Shot Misses the Net.
9:01 of 1st period - Shot by Martin Fehervary.
9:01 of 1st period - Shot Misses the Net.
9:10 of 1st period - Icing by Connor Murphy.
9:11 of 1st period - Jack Eichel wins face-off versus Elias Lindholm in Tampa Bay Lightning zone.
9:30 of 1st period - Shot by John Klingberg.
9:30 of 1st period - Stopped by Michael Hutchinson without a rebound.
9:31 of 1st period - Sebastian Aho wins face-off versus Max Comtois in New York Rangers zone.
9:34 of 1st period - Shot by Mathew Barzal.
9:34 of 1st period - Shot Blocked by K'Andre Miller.
9:36 of 1st period - Shot by Zach Werenski.
9:36 of 1st period - Shot Misses the Net.
9:38 of 1st period - Shot by Sebastian Aho.
9:38 of 1st period - Deflect By Kirill Kaprizov.
9:38 of 1st period - Shot Blocked by Quinn Hughes.
9:40 of 1st period - Shot by Sebastian Aho.
9:40 of 1st period - Stopped by Michael Hutchinson with a rebound.
9:42 of 1st period - Shot by Mathew Barzal.
9:42 of 1st period - Stopped by Michael Hutchinson without a rebound.
9:43 of 1st period - Jack Eichel wins face-off versus Jason Dickinson in New York Rangers zone.
10:12 of 1st period - Shot by Rasmus Andersson.
10:12 of 1st period - Shot Misses the Net.
10:14 of 1st period - Shot by Zach Parise.
10:14 of 1st period - Deflect By Alex Newhook.
10:14 of 1st period - Shot Blocked by Jack Eichel.
10:18 of 1st period - Shot by Zach Parise.
10:18 of 1st period - Shot Misses the Net.
10:20 of 1st period - Shot by Bowen Byram.
10:20 of 1st period - Shot Misses the Net.
10:22 of 1st period - Shot by Rasmus Andersson.
10:22 of 1st period - Shot Blocked by Martin Fehervary.
10:24 of 1st period - Shot by Bowen Byram.
10:24 of 1st period - Stopped by Michael Hutchinson without a rebound.
10:25 of 1st period - Sebastian Aho wins face-off versus Max Comtois in New York Rangers zone.
10:58 of 1st period - Icing by Zach Werenski.
10:59 of 1st period - Sebastian Aho wins face-off versus Brett Howden in Tampa Bay Lightning zone.
10:59 of 1st period - Sebastian Aho is hit by Brett Howden.
11:08 of 1st period - Kirill Kaprizov is hit by Marco Scandella and loses puck.
11:11 of 1st period - Shot by Sebastian Aho.
11:11 of 1st period - Stopped by Michael Hutchinson with a rebound.
11:17 of 1st period - Shot by Mackenzie Weegar.
11:17 of 1st period - Stopped by Michael Hutchinson without a rebound.
11:18 of 1st period - Troy Terry wins face-off versus Alex Wennberg in New York Rangers zone.
11:46 of 1st period - Shot by Alex Wennberg.
11:46 of 1st period - Deflect By Filip Chytil.
11:46 of 1st period - Stopped by Michael Hutchinson without a rebound.
11:47 of 1st period - Elias Lindholm wins face-off versus Max Comtois in New York Rangers zone.
12:05 of 1st period - Quinn Hughes is hit by Bowen Byram and loses puck.
12:12 of 1st period - Shot by Andrei Svechnikov.
12:12 of 1st period - Stopped by Ilya Sorokin without a rebound.
12:13 of 1st period - Brett Howden wins face-off versus Sebastian Aho in Tampa Bay Lightning zone.
12:29 of 1st period - Martin Necas is hit by Mackenzie Weegar and loses puck.
13:14 of 1st period - Off-side.
13:15 of 1st period - Jack Eichel wins face-off versus Alex Wennberg in neutral zone.
13:19 of 1st period - Troy Terry is hit by John Klingberg and loses puck.
13:22 of 1st period - Shot by Auston Matthews.
13:22 of 1st period - Stopped by Ilya Sorokin with a rebound.
13:23 of 1st period - Minor Penalty to Connor Murphy for Goalie Interference.
13:24 of 1st period - Max Comtois wins face-off versus Jason Dickinson in Tampa Bay Lightning zone.
16:13 of 1st period - Icing by Nick Jensen.
16:14 of 1st period - Sebastian Aho wins face-off versus Brett Howden in New York Rangers zone.
16:25 of 1st period - Shot by Kirill Marchenko.
16:25 of 1st period - Stopped by Ilya Sorokin with a rebound.
16:31 of 1st period - Shot by Nick Jensen.
16:31 of 1st period - Stopped by Ilya Sorokin without a rebound.
16:32 of 1st period - Elias Lindholm wins face-off versus Auston Matthews in Tampa Bay Lightning zone.
16:32 of 1st period - Elias Lindholm is hit by Auston Matthews.
17:52 of 1st period - Shot by Jonas Siegenthaler.
17:52 of 1st period - Stopped by Ilya Sorokin with a rebound.
18:07 of 1st period - Minor Penalty to Alex Wennberg for Slashing.
18:08 of 1st period - Jason Dickinson wins face-off versus Martin Necas in Tampa Bay Lightning zone.
18:14 of 1st period - Minor Penalty to Martin Necas for Tripping.
18:15 of 1st period - Max Comtois wins face-off versus Sebastian Aho in New York Rangers zone.
19:32 of 1st period - Shot by Jesper Bratt.
19:32 of 1st period - Stopped by Michael Hutchinson without a rebound.
19:33 of 1st period - David Krejci wins face-off versus Max Comtois in New York Rangers zone.
Goals for this period are 0 for New York Rangers vs 0 for Tampa Bay Lightning.
Shots for this period are 15 for New York Rangers vs 11 for Tampa Bay Lightning.

2nd period


0:01 of 2nd period - Max Comtois wins face-off versus Sebastian Aho in neutral zone.
0:03 of 2nd period - Quinn Hughes is hit by Mackenzie Weegar and loses puck.
0:43 of 2nd period - Shot by Jack Eichel.
0:43 of 2nd period - Stopped by Ilya Sorokin without a rebound.
0:44 of 2nd period - Max Comtois wins face-off versus Elias Lindholm in Tampa Bay Lightning zone.
1:23 of 2nd period - Icing by Gustav Nyquist.
1:24 of 2nd period - Brett Howden wins face-off versus Elias Lindholm in Tampa Bay Lightning zone.
1:27 of 2nd period - Shot by Brett Howden.
1:27 of 2nd period - Shot Misses the Net.
1:37 of 2nd period - Shot by Brett Howden.
1:37 of 2nd period - Deflect By Martin Necas.
1:37 of 2nd period - Shot Misses the Net.
1:59 of 2nd period - Jonas Siegenthaler is hit by David Krejci and loses puck.
2:36 of 2nd period - Shot by Troy Terry.
2:36 of 2nd period - Stopped by Ilya Sorokin without a rebound.
2:37 of 2nd period - Sebastian Aho wins face-off versus Jason Robertson in Tampa Bay Lightning zone.
2:55 of 2nd period - Jason Robertson is hit by John Klingberg and loses puck.
3:42 of 2nd period - Zach Werenski is hit by Nick Jensen and loses puck.
4:31 of 2nd period - Nick Jensen is hit by Alex Newhook and loses puck.
4:43 of 2nd period - Minor Penalty to Brett Howden for Hooking.
4:44 of 2nd period - Jason Robertson wins face-off versus Elias Lindholm in New York Rangers zone.
4:44 of 2nd period - Jason Robertson is hit by Elias Lindholm.
4:56 of 2nd period - Shot by Bowen Byram.
4:56 of 2nd period - Stopped by Michael Hutchinson with a rebound.
6:17 of 2nd period - Shot by Bowen Byram.
6:17 of 2nd period - Stopped by Michael Hutchinson without a rebound.
6:18 of 2nd period - Sebastian Aho wins face-off versus Andrei Svechnikov in New York Rangers zone.
6:23 of 2nd period - Shot by David Krejci.
6:23 of 2nd period - Stopped by Michael Hutchinson with a rebound.
6:41 of 2nd period - Shot by Sebastian Aho.
6:41 of 2nd period - Shot Blocked by K'Andre Miller.
6:46 of 2nd period - Icing by Morgan Barron.
6:47 of 2nd period - Ryan Donato wins face-off versus Jason Dickinson in New York Rangers zone.
6:57 of 2nd period - Ryan Donato is hit by Connor Murphy and loses puck.
7:25 of 2nd period - Icing by Zach Parise.
7:26 of 2nd period - Jason Dickinson wins face-off versus Brett Howden in Tampa Bay Lightning zone.
7:37 of 2nd period - Shot by Martin Necas.
7:37 of 2nd period - Stopped by Ilya Sorokin without a rebound.
7:38 of 2nd period - Sebastian Aho wins face-off versus Max Comtois in Tampa Bay Lightning zone.
7:44 of 2nd period - Shot by Bowen Byram.
7:44 of 2nd period - Goal by Bowen Byram - New York Rangers : 0 - Tampa Bay Lightning : 1.
7:45 of 2nd period - Max Comtois wins face-off versus Sebastian Aho in neutral zone.
8:00 of 2nd period - Icing by Quinn Hughes.
8:01 of 2nd period - Alex Wennberg wins face-off versus Max Comtois in New York Rangers zone.
9:10 of 2nd period - Shot by Martin Fehervary.
9:10 of 2nd period - Stopped by Ilya Sorokin without a rebound.
9:11 of 2nd period - Sebastian Aho wins face-off versus Jack Eichel in Tampa Bay Lightning zone.
9:21 of 2nd period - Off-side.
9:22 of 2nd period - Jason Dickinson wins face-off versus Brett Howden in neutral zone.
9:27 of 2nd period - Shot by Alex Newhook.
9:27 of 2nd period - Stopped by Michael Hutchinson without a rebound.
9:28 of 2nd period - Brett Howden wins face-off versus Sebastian Aho in New York Rangers zone.
9:28 of 2nd period - Martin Fehervary is hit by Kirill Kaprizov and loses puck.
9:49 of 2nd period - Shot by Sebastian Aho.
9:49 of 2nd period - Stopped by Michael Hutchinson with a rebound.
9:59 of 2nd period - Shot by Martin Necas.
9:59 of 2nd period - Deflect By Brett Howden.
9:59 of 2nd period - Stopped by Ilya Sorokin without a rebound.
10:00 of 2nd period - Elias Lindholm wins face-off versus Jack Eichel in Tampa Bay Lightning zone.
10:11 of 2nd period - Shot by Gustav Nyquist.
10:11 of 2nd period - Stopped by Michael Hutchinson without a rebound.
10:12 of 2nd period - Alex Wennberg wins face-off versus Max Comtois in New York Rangers zone.
10:52 of 2nd period - Shot by David Krejci.
10:52 of 2nd period - Shot Misses the Net.
11:15 of 2nd period - Gustav Nyquist is hit by Quinn Hughes and loses puck.
11:33 of 2nd period - Jesper Bratt is hit by K'Andre Miller and loses puck.
12:05 of 2nd period - Shot by Bowen Byram.
12:05 of 2nd period - Stopped by Michael Hutchinson without a rebound.
12:06 of 2nd period - Jack Eichel wins face-off versus Zach Parise in New York Rangers zone.
12:33 of 2nd period - Shot by Martin Fehervary.
12:33 of 2nd period - Stopped by Ilya Sorokin with a rebound.
12:35 of 2nd period - Shot by Auston Matthews.
12:35 of 2nd period - Shot Misses the Net.
12:39 of 2nd period - Shot by Jack Eichel.
12:39 of 2nd period - Stopped by Ilya Sorokin with a rebound.
12:41 of 2nd period - Shot by Jonas Siegenthaler.
12:41 of 2nd period - Shot Misses the Net.
12:47 of 2nd period - Shot by Martin Fehervary.
12:47 of 2nd period - Goal by Martin Fehervary - New York Rangers : 1 - Tampa Bay Lightning : 1.
12:48 of 2nd period - Sebastian Aho wins face-off versus Max Comtois in neutral zone.
12:50 of 2nd period - Minor Penalty to Max Comtois for Holding.
12:51 of 2nd period - Kirill Kaprizov wins face-off versus Brett Howden in New York Rangers zone.
12:56 of 2nd period - Shot by Jesper Bratt.
12:56 of 2nd period - Shot Misses the Net.
12:58 of 2nd period - Shot by Rasmus Andersson.
12:58 of 2nd period - Shot Misses the Net.
13:00 of 2nd period - Shot by Zach Werenski.
13:00 of 2nd period - Stopped by Michael Hutchinson without a rebound.
13:01 of 2nd period - Brett Howden wins face-off versus Sebastian Aho in New York Rangers zone.
13:10 of 2nd period - Shot by Zach Werenski.
13:10 of 2nd period - Stopped by Michael Hutchinson without a rebound.
13:11 of 2nd period - Sebastian Aho wins face-off versus Jason Robertson in New York Rangers zone.
13:26 of 2nd period - Shot by Rasmus Andersson.
13:26 of 2nd period - Shot Hit the Post.
13:30 of 2nd period - Shot by Kirill Kaprizov.
13:30 of 2nd period - Goal by Kirill Kaprizov - New York Rangers : 1 - Tampa Bay Lightning : 2.
13:31 of 2nd period - Alex Wennberg wins face-off versus Jack Eichel in neutral zone.
13:44 of 2nd period - Shot by David Krejci.
13:44 of 2nd period - Stopped by Michael Hutchinson without a rebound.
13:45 of 2nd period - Max Comtois wins face-off versus Kirill Kaprizov in New York Rangers zone.
14:29 of 2nd period - Shot by Kirill Kaprizov.
14:29 of 2nd period - Shot Misses the Net.
14:52 of 2nd period - Jack Eichel is hit by Mackenzie Weegar.
14:56 of 2nd period - Shot by Auston Matthews.
14:56 of 2nd period - Stopped by Ilya Sorokin without a rebound.
14:57 of 2nd period - Brett Howden wins face-off versus Alex Wennberg in Tampa Bay Lightning zone.
15:00 of 2nd period - Shot by Martin Necas.
15:00 of 2nd period - Deflect By Kirill Marchenko.
15:00 of 2nd period - Shot Misses the Net.
15:02 of 2nd period - Shot by Nick Jensen.
15:02 of 2nd period - Stopped by Ilya Sorokin with a rebound.
15:17 of 2nd period - Icing by John Klingberg.
15:18 of 2nd period - David Krejci wins face-off versus Jack Eichel in Tampa Bay Lightning zone.
15:43 of 2nd period - Shot by Troy Terry.
15:43 of 2nd period - Goal by Troy Terry - New York Rangers : 2 - Tampa Bay Lightning : 2.
15:44 of 2nd period - Elias Lindholm wins face-off versus Kirill Marchenko in neutral zone.
16:11 of 2nd period - Shot by Jesper Bratt.
16:11 of 2nd period - Stopped by Michael Hutchinson without a rebound.
16:12 of 2nd period - Max Comtois wins face-off versus Sebastian Aho in New York Rangers zone.
16:49 of 2nd period - Shot by Kirill Kaprizov.
16:49 of 2nd period - Stopped by Michael Hutchinson with a rebound.
16:51 of 2nd period - Shot by Mathew Barzal.
16:51 of 2nd period - Deflect By Kirill Kaprizov.
16:51 of 2nd period - Shot Misses the Net.
16:53 of 2nd period - Shot by Bowen Byram.
16:53 of 2nd period - Stopped by Michael Hutchinson without a rebound.
16:54 of 2nd period - Elias Lindholm wins face-off versus Jack Eichel in New York Rangers zone.
17:15 of 2nd period - Icing by Jonas Siegenthaler.
17:16 of 2nd period - Alex Wennberg wins face-off versus Jack Eichel in New York Rangers zone.
17:23 of 2nd period - Shot by Alex Wennberg.
17:23 of 2nd period - Stopped by Michael Hutchinson without a rebound.
17:24 of 2nd period - Alex Wennberg wins face-off versus Brett Howden in New York Rangers zone.
17:25 of 2nd period - Shot by Zach Werenski.
17:25 of 2nd period - Stopped by Michael Hutchinson without a rebound.
17:26 of 2nd period - Max Comtois wins face-off versus Sebastian Aho in New York Rangers zone.
18:23 of 2nd period - Off-side.
18:24 of 2nd period - Gustav Nyquist wins face-off versus Brett Howden in neutral zone.
18:48 of 2nd period - Shot by Brett Howden.
18:48 of 2nd period - Stopped by Ilya Sorokin without a rebound.
18:49 of 2nd period - Alex Wennberg wins face-off versus Jack Eichel in Tampa Bay Lightning zone.
18:49 of 2nd period - Alex Wennberg is hit by Auston Matthews.
19:07 of 2nd period - Icing by Marco Scandella.
19:08 of 2nd period - Elias Lindholm wins face-off versus Jack Eichel in New York Rangers zone.
19:17 of 2nd period - Shot by Troy Terry.
19:17 of 2nd period - Stopped by Ilya Sorokin without a rebound.
19:18 of 2nd period - Brett Howden wins face-off versus Mathew Barzal in Tampa Bay Lightning zone.
19:19 of 2nd period - Shot by Martin Necas.
19:19 of 2nd period - Deflect By Brett Howden.
19:19 of 2nd period - Stopped by Ilya Sorokin without a rebound.
19:20 of 2nd period - Max Comtois wins face-off versus Elias Lindholm in Tampa Bay Lightning zone.
19:23 of 2nd period - Shot by Jason Robertson.
19:23 of 2nd period - Stopped by Ilya Sorokin without a rebound.
19:24 of 2nd period - Sebastian Aho wins face-off versus Andrei Svechnikov in Tampa Bay Lightning zone.
19:35 of 2nd period - Shot by Kirill Kaprizov.
19:35 of 2nd period - Stopped by Michael Hutchinson without a rebound.
19:36 of 2nd period - Jack Eichel wins face-off versus Elias Lindholm in New York Rangers zone.
19:36 of 2nd period - Jack Eichel is hit by Jesper Bratt.
Goals for this period are 2 for New York Rangers vs 2 for Tampa Bay Lightning.
Shots for this period are 15 for New York Rangers vs 18 for Tampa Bay Lightning.

3rd period


0:01 of 3rd period - Max Comtois wins face-off versus Sebastian Aho in neutral zone.
0:31 of 3rd period - Shot by K'Andre Miller.
0:31 of 3rd period - Deflect By Andrei Svechnikov.
0:31 of 3rd period - Stopped by Ilya Sorokin without a rebound.
0:32 of 3rd period - Martin Necas wins face-off versus Alex Wennberg in Tampa Bay Lightning zone.
0:32 of 3rd period - Brett Howden is hit by Mackenzie Weegar.
0:34 of 3rd period - Shot by Martin Necas.
0:34 of 3rd period - Shot Misses the Net.
0:36 of 3rd period - Shot by Jonas Siegenthaler.
0:36 of 3rd period - Shot Hit the Post.
0:59 of 3rd period - Shot by Martin Necas.
0:59 of 3rd period - Stopped by Ilya Sorokin without a rebound.
1:00 of 3rd period - Jack Eichel wins face-off versus Elias Lindholm in Tampa Bay Lightning zone.
1:46 of 3rd period - Icing by Quinn Hughes.
1:47 of 3rd period - Jack Eichel wins face-off versus Sebastian Aho in New York Rangers zone.
1:51 of 3rd period - Icing by Troy Terry.
1:52 of 3rd period - Sebastian Aho wins face-off versus Jack Eichel in New York Rangers zone.
2:23 of 3rd period - Shot by Sebastian Aho.
2:23 of 3rd period - Stopped by Michael Hutchinson without a rebound.
2:24 of 3rd period - Max Comtois wins face-off versus Alex Wennberg in New York Rangers zone.
2:51 of 3rd period - Shot by Jason Robertson.
2:51 of 3rd period - Stopped by Ilya Sorokin without a rebound.
2:52 of 3rd period - Elias Lindholm wins face-off versus Brett Howden in Tampa Bay Lightning zone.
2:59 of 3rd period - Shot by Elias Lindholm.
2:59 of 3rd period - Shot Hit the Post.
3:01 of 3rd period - Shot by Mackenzie Weegar.
3:01 of 3rd period - Shot Misses the Net.
3:28 of 3rd period - Shot by Martin Necas.
3:28 of 3rd period - Shot Misses the Net.
3:33 of 3rd period - Mackenzie Weegar is hit by Martin Necas.
4:00 of 3rd period - Shot by Jason Robertson.
4:00 of 3rd period - Stopped by Ilya Sorokin without a rebound.
4:01 of 3rd period - Sebastian Aho wins face-off versus Jack Eichel in Tampa Bay Lightning zone.
4:25 of 3rd period - Icing by Jack Eichel.
4:26 of 3rd period - Jack Eichel wins face-off versus Alex Wennberg in New York Rangers zone.
4:26 of 3rd period - Quinn Hughes is hit by Filip Chytil and loses puck.
5:06 of 3rd period - Shot by Alex Wennberg.
5:06 of 3rd period - Stopped by Michael Hutchinson without a rebound.
5:07 of 3rd period - Sebastian Aho wins face-off versus Max Comtois in New York Rangers zone.
5:07 of 3rd period - Minor Penalty to Martin Fehervary for Interference.
5:08 of 3rd period - Sebastian Aho wins face-off versus Brett Howden in New York Rangers zone.
5:18 of 3rd period - Icing by Zach Werenski.
5:19 of 3rd period - Brett Howden wins face-off versus Sebastian Aho in Tampa Bay Lightning zone.
5:47 of 3rd period - Icing by Kirill Kaprizov.
5:48 of 3rd period - Brett Howden wins face-off versus Sebastian Aho in Tampa Bay Lightning zone.
5:59 of 3rd period - Shot by Jesper Bratt.
5:59 of 3rd period - Stopped by Michael Hutchinson without a rebound.
6:00 of 3rd period - Elias Lindholm wins face-off versus Brett Howden in New York Rangers zone.
6:40 of 3rd period - Icing by John Klingberg.
6:41 of 3rd period - Mathew Barzal wins face-off versus Brett Howden in Tampa Bay Lightning zone.
6:58 of 3rd period - Icing by Bowen Byram.
6:59 of 3rd period - Ryan Donato wins face-off versus Mathew Barzal in Tampa Bay Lightning zone.
7:09 of 3rd period - Bowen Byram is hit by Troy Terry and loses puck.
7:13 of 3rd period - Off-side.
7:14 of 3rd period - Jason Dickinson wins face-off versus Ryan Donato in neutral zone.
7:34 of 3rd period - Jason Dickinson is hit by Martin Fehervary and loses puck.
7:41 of 3rd period - Shot by Jason Dickinson.
7:41 of 3rd period - Stopped by Michael Hutchinson without a rebound.
7:42 of 3rd period - Sebastian Aho wins face-off versus Max Comtois in New York Rangers zone.
8:09 of 3rd period - Shot by Andrei Svechnikov.
8:09 of 3rd period - Goal by Andrei Svechnikov - New York Rangers : 3 - Tampa Bay Lightning : 2.
8:10 of 3rd period - Elias Lindholm wins face-off versus Brett Howden in neutral zone.
8:19 of 3rd period - Shot by Jesper Bratt.
8:19 of 3rd period - Stopped by Michael Hutchinson without a rebound.
8:20 of 3rd period - Jack Eichel wins face-off versus Alex Wennberg in New York Rangers zone.
8:24 of 3rd period - Icing by Troy Terry.
8:25 of 3rd period - Elias Lindholm wins face-off versus Jack Eichel in New York Rangers zone.
8:32 of 3rd period - Shot by Jesper Bratt.
8:32 of 3rd period - Stopped by Michael Hutchinson without a rebound.
8:33 of 3rd period - Sebastian Aho wins face-off versus Andrei Svechnikov in New York Rangers zone.
9:54 of 3rd period - Alex Wennberg is hit by K'Andre Miller and loses puck.
10:14 of 3rd period - Icing by Martin Necas.
10:15 of 3rd period - Brett Howden wins face-off versus Elias Lindholm in New York Rangers zone.
10:17 of 3rd period - Icing by Quinn Hughes.
10:18 of 3rd period - Elias Lindholm wins face-off versus Brett Howden in New York Rangers zone.
10:21 of 3rd period - Shot by Jesper Bratt.
10:21 of 3rd period - Shot Misses the Net.
10:53 of 3rd period - Shot by Jesper Bratt.
10:53 of 3rd period - Shot Blocked by K'Andre Miller.
10:57 of 3rd period - Shot by Jesper Bratt.
10:57 of 3rd period - Stopped by Michael Hutchinson without a rebound.
10:58 of 3rd period - Mathew Barzal wins face-off versus Jack Eichel in New York Rangers zone.
11:01 of 3rd period - Shot by Sebastian Aho.
11:01 of 3rd period - Stopped by Michael Hutchinson with a rebound.
11:03 of 3rd period - Shot by Mathew Barzal.
11:03 of 3rd period - Deflect By Sebastian Aho.
11:03 of 3rd period - Shot Misses the Net.
12:08 of 3rd period - Shot by Alex Wennberg.
12:08 of 3rd period - Shot Blocked by Jonas Siegenthaler.
12:14 of 3rd period - Shot by Alex Wennberg.
12:14 of 3rd period - Shot Misses the Net.
12:18 of 3rd period - Shot by Filip Chytil.
12:18 of 3rd period - Goal by Filip Chytil - New York Rangers : 3 - Tampa Bay Lightning : 3.
12:19 of 3rd period - Daniel Sprong wins face-off versus Elias Lindholm in neutral zone.
12:38 of 3rd period - Shot by Daniel Sprong.
12:38 of 3rd period - Stopped by Ilya Sorokin without a rebound.
12:39 of 3rd period - Jason Dickinson wins face-off versus Max Comtois in Tampa Bay Lightning zone.
12:47 of 3rd period - Off-side.
12:48 of 3rd period - Mathew Barzal wins face-off versus Martin Necas in neutral zone.
12:52 of 3rd period - Sebastian Aho is hit by Quinn Hughes and loses puck.
13:08 of 3rd period - Sebastian Aho is hit by Quinn Hughes and loses puck.
13:12 of 3rd period - Icing by K'Andre Miller.
13:13 of 3rd period - Elias Lindholm wins face-off versus Brett Howden in New York Rangers zone.
13:37 of 3rd period - Icing by Martin Necas.
13:38 of 3rd period - Brett Howden wins face-off versus Sebastian Aho in New York Rangers zone.
14:55 of 3rd period - Shot by Auston Matthews.
14:55 of 3rd period - Stopped by Ilya Sorokin without a rebound.
14:56 of 3rd period - Ryan Donato wins face-off versus Elias Lindholm in Tampa Bay Lightning zone.
15:02 of 3rd period - Mackenzie Weegar is hit by K'Andre Miller and loses puck.
15:48 of 3rd period - Minor Penalty to Quinn Hughes for Roughing.
15:49 of 3rd period - Brett Howden wins face-off versus Elias Lindholm in New York Rangers zone.
15:57 of 3rd period - John Klingberg is hit by Jonas Siegenthaler and loses puck.
16:43 of 3rd period - Off-side.
16:44 of 3rd period - Jesper Bratt wins face-off versus Auston Matthews in neutral zone.
16:55 of 3rd period - Shot by Sebastian Aho.
16:55 of 3rd period - Shot Misses the Net.
17:57 of 3rd period - John Klingberg is hit by Marco Scandella and loses puck.
18:19 of 3rd period - Shot by Daniel Sprong.
18:19 of 3rd period - Stopped by Ilya Sorokin without a rebound.
18:20 of 3rd period - Sebastian Aho wins face-off versus Brett Howden in Tampa Bay Lightning zone.
18:31 of 3rd period - Shot by Mathew Barzal.
18:31 of 3rd period - Shot Misses the Net.
18:35 of 3rd period - Shot by Mathew Barzal.
18:35 of 3rd period - Shot Blocked by Jonas Siegenthaler.
18:37 of 3rd period - Shot by Zach Werenski.
18:37 of 3rd period - Stopped by Michael Hutchinson without a rebound.
18:38 of 3rd period - Jack Eichel wins face-off versus Elias Lindholm in New York Rangers zone.
19:44 of 3rd period - Shot by Martin Necas.
19:44 of 3rd period - Shot Blocked by Mackenzie Weegar.
19:46 of 3rd period - Shot by K'Andre Miller.
19:46 of 3rd period - Stopped by Ilya Sorokin without a rebound.
19:47 of 3rd period - Ryan Donato wins face-off versus Zach Parise in Tampa Bay Lightning zone.
Goals for this period are 1 for New York Rangers vs 1 for Tampa Bay Lightning.
Shots for this period are 9 for New York Rangers vs 10 for Tampa Bay Lightning.

Overtime #1


0:01 of 1st overtime period - Alex Wennberg wins face-off versus Max Comtois in neutral zone.
0:40 of 1st overtime period - Shot by Jason Robertson.
0:40 of 1st overtime period - Shot Misses the Net.
0:42 of 1st overtime period - Shot by Jason Robertson.
0:42 of 1st overtime period - Stopped by Ilya Sorokin with a rebound.
0:51 of 1st overtime period - Martin Fehervary is hit by Mackenzie Weegar and loses puck.
1:36 of 1st overtime period - Icing by Jonas Siegenthaler.
1:37 of 1st overtime period - Sebastian Aho wins face-off versus Jack Eichel in New York Rangers zone.
1:37 of 1st overtime period - Rasmus Andersson is hit by Martin Fehervary and loses puck.
2:02 of 1st overtime period - Shot by Nick Jensen.
2:02 of 1st overtime period - Shot Misses the Net.
3:51 of 1st overtime period - Shot by Jason Dickinson.
3:51 of 1st overtime period - Deflect By Zach Parise.
3:51 of 1st overtime period - Shot Misses the Net.
3:53 of 1st overtime period - Shot by Zach Parise.
3:53 of 1st overtime period - Shot Misses the Net.
4:03 of 1st overtime period - Shot by Jason Dickinson.
4:03 of 1st overtime period - Stopped by Michael Hutchinson without a rebound.
4:04 of 1st overtime period - Jack Eichel wins face-off versus Alex Wennberg in New York Rangers zone.
4:44 of 1st overtime period - Off-side.
4:45 of 1st overtime period - Elias Lindholm wins face-off versus Jason Robertson in neutral zone.
4:45 of 1st overtime period - Elias Lindholm is hit by Max Comtois.
4:50 of 1st overtime period - Shot by Elias Lindholm.
4:50 of 1st overtime period - Stopped by Michael Hutchinson with a rebound.
4:52 of 1st overtime period - Shot by Gustav Nyquist.
4:52 of 1st overtime period - Stopped by Michael Hutchinson without a rebound.
4:53 of 1st overtime period - Max Comtois wins face-off versus Elias Lindholm in New York Rangers zone.
5:12 of 1st overtime period - Shot by Jesper Bratt.
5:12 of 1st overtime period - Shot Misses the Net.
6:04 of 1st overtime period - Minor Penalty to Martin Necas for Goalie Interference.
6:05 of 1st overtime period - Sebastian Aho wins face-off versus Brett Howden in New York Rangers zone.
6:20 of 1st overtime period - Shot by Bowen Byram.
6:20 of 1st overtime period - Shot Blocked by Quinn Hughes.
7:04 of 1st overtime period - Shot by Zach Werenski.
7:04 of 1st overtime period - Shot Misses the Net.
7:10 of 1st overtime period - Shot by Andrei Svechnikov.
7:10 of 1st overtime period - Stopped by Ilya Sorokin without a rebound.
7:11 of 1st overtime period - Ryan Donato wins face-off versus David Krejci in Tampa Bay Lightning zone.
7:40 of 1st overtime period - Icing by David Krejci.
7:41 of 1st overtime period - Auston Matthews wins face-off versus David Krejci in Tampa Bay Lightning zone.
8:19 of 1st overtime period - Auston Matthews is hit by John Klingberg and loses puck.
9:34 of 1st overtime period - Shot by Jesper Bratt.
9:34 of 1st overtime period - Stopped by Michael Hutchinson without a rebound.
9:35 of 1st overtime period - Andrei Svechnikov wins face-off versus Sebastian Aho in New York Rangers zone.
9:53 of 1st overtime period - Sebastian Aho is hit by Quinn Hughes and loses puck.
9:58 of 1st overtime period - Shot by Mathew Barzal.
9:58 of 1st overtime period - Stopped by Michael Hutchinson with a rebound.
10:46 of 1st overtime period - Shot by Elias Lindholm.
10:46 of 1st overtime period - Shot Misses the Net.
11:29 of 1st overtime period - Off-side.
11:30 of 1st overtime period - Jason Dickinson wins face-off versus Jack Eichel in neutral zone.
11:51 of 1st overtime period - Off-side.
11:52 of 1st overtime period - Max Comtois wins face-off versus Alex Wennberg in neutral zone.
12:09 of 1st overtime period - Shot by Jason Robertson.
12:09 of 1st overtime period - Shot Misses the Net.
12:11 of 1st overtime period - Shot by Jason Robertson.
12:11 of 1st overtime period - Deflect By Andrei Svechnikov.
12:11 of 1st overtime period - Stopped by Ilya Sorokin without a rebound.
12:12 of 1st overtime period - Jack Eichel wins face-off versus Sebastian Aho in Tampa Bay Lightning zone.
12:13 of 1st overtime period - Shot by Martin Fehervary.
12:13 of 1st overtime period - Shot Blocked by Rasmus Andersson.
12:21 of 1st overtime period - Shot by Sebastian Aho.
12:21 of 1st overtime period - Stopped by Michael Hutchinson without a rebound.
12:22 of 1st overtime period - Alex Wennberg wins face-off versus Max Comtois in New York Rangers zone.
12:35 of 1st overtime period - Shot by David Krejci.
12:35 of 1st overtime period - Deflect By Filip Chytil.
12:35 of 1st overtime period - Shot Misses the Net.
12:40 of 1st overtime period - Off-side.
12:41 of 1st overtime period - Jack Eichel wins face-off versus Sebastian Aho in neutral zone.
13:16 of 1st overtime period - Shot by Troy Terry.
13:16 of 1st overtime period - Deflect By Auston Matthews.
13:16 of 1st overtime period - Stopped by Ilya Sorokin without a rebound.
13:17 of 1st overtime period - Alex Wennberg wins face-off versus Max Comtois in Tampa Bay Lightning zone.
13:17 of 1st overtime period - Bowen Byram is hit by Andrei Svechnikov and loses puck.
13:23 of 1st overtime period - Icing by Bowen Byram.
13:24 of 1st overtime period - Alex Wennberg wins face-off versus Max Comtois in Tampa Bay Lightning zone.
13:33 of 1st overtime period - Quinn Hughes is hit by Rasmus Andersson and loses puck.
14:05 of 1st overtime period - Minor Penalty to David Krejci for High sticking.
14:06 of 1st overtime period - Jason Dickinson wins face-off versus Martin Necas in Tampa Bay Lightning zone.
14:30 of 1st overtime period - Troy Terry is hit by Elias Lindholm.
14:32 of 1st overtime period - Shot by Nick Jensen.
14:32 of 1st overtime period - Shot Misses the Net.
14:34 of 1st overtime period - Shot by Daniel Sprong.
14:34 of 1st overtime period - Stopped by Ilya Sorokin without a rebound.
14:35 of 1st overtime period - Jason Dickinson wins face-off versus Max Comtois in Tampa Bay Lightning zone.
15:08 of 1st overtime period - Shot by Jason Robertson.
15:08 of 1st overtime period - Stopped by Ilya Sorokin without a rebound.
15:09 of 1st overtime period - Alex Wennberg wins face-off versus Martin Necas in Tampa Bay Lightning zone.
15:40 of 1st overtime period - Shot by Troy Terry.
15:40 of 1st overtime period - Stopped by Ilya Sorokin with a rebound.
15:42 of 1st overtime period - Shot by Nick Jensen.
15:42 of 1st overtime period - Shot Misses the Net.
15:44 of 1st overtime period - Shot by Daniel Sprong.
15:44 of 1st overtime period - Stopped by Ilya Sorokin without a rebound.
15:45 of 1st overtime period - Jason Dickinson wins face-off versus Max Comtois in Tampa Bay Lightning zone.
15:56 of 1st overtime period - Shot by Jack Eichel.
15:56 of 1st overtime period - Shot Blocked by Connor Murphy.
15:58 of 1st overtime period - Shot by Jack Eichel.
15:58 of 1st overtime period - Shot Misses the Net.
16:00 of 1st overtime period - Shot by Quinn Hughes.
16:00 of 1st overtime period - Stopped by Ilya Sorokin without a rebound.
16:01 of 1st overtime period - Martin Necas wins face-off versus Jason Dickinson in Tampa Bay Lightning zone.
16:11 of 1st overtime period - Off-side.
16:12 of 1st overtime period - Brett Howden wins face-off versus Sebastian Aho in neutral zone.
16:25 of 1st overtime period - Shot by Kirill Kaprizov.
16:25 of 1st overtime period - Stopped by Michael Hutchinson without a rebound.
16:26 of 1st overtime period - Max Comtois wins face-off versus Alex Wennberg in New York Rangers zone.
16:37 of 1st overtime period - Shot by Filip Chytil.
16:37 of 1st overtime period - Shot Misses the Net.
16:39 of 1st overtime period - Shot by Alex Wennberg.
16:39 of 1st overtime period - Stopped by Michael Hutchinson without a rebound.
16:40 of 1st overtime period - Sebastian Aho wins face-off versus Jack Eichel in New York Rangers zone.
16:43 of 1st overtime period - Shot by Sebastian Aho.
16:43 of 1st overtime period - Stopped by Michael Hutchinson without a rebound.
16:44 of 1st overtime period - Sebastian Aho wins face-off versus Max Comtois in New York Rangers zone.
16:45 of 1st overtime period - Shot by Kirill Kaprizov.
16:45 of 1st overtime period - Shot Blocked by Quinn Hughes.
16:47 of 1st overtime period - Shot by Rasmus Andersson.
16:47 of 1st overtime period - Shot Misses the Net.
16:53 of 1st overtime period - Shot by Sebastian Aho.
16:53 of 1st overtime period - Stopped by Michael Hutchinson without a rebound.
16:54 of 1st overtime period - Brett Howden wins face-off versus Jesper Bratt in New York Rangers zone.
16:54 of 1st overtime period - Brett Howden is hit by Jesper Bratt.
16:55 of 1st overtime period - Minor Penalty to Elias Lindholm for Roughing.
16:56 of 1st overtime period - Jason Dickinson wins face-off versus Max Comtois in Tampa Bay Lightning zone.
17:34 of 1st overtime period - Off-side.
17:35 of 1st overtime period - Jason Dickinson wins face-off versus Martin Necas in neutral zone.
17:55 of 1st overtime period - Off-side.
17:56 of 1st overtime period - Jason Dickinson wins face-off versus Max Comtois in neutral zone.
18:19 of 1st overtime period - Shot by Andrei Svechnikov.
18:19 of 1st overtime period - Stopped by Ilya Sorokin without a rebound.
18:20 of 1st overtime period - David Krejci wins face-off versus Daniel Sprong in Tampa Bay Lightning zone.
18:33 of 1st overtime period - Shot by Troy Terry.
18:33 of 1st overtime period - Shot Misses the Net.
18:35 of 1st overtime period - Shot by Kirill Marchenko.
18:35 of 1st overtime period - Goal by Kirill Marchenko - New York Rangers : 4 - Tampa Bay Lightning : 3.
Goals for this period are 1 for New York Rangers vs 0 for Tampa Bay Lightning.
Shots for this period are 11 for New York Rangers vs 10 for Tampa Bay Lightning.